 Dungeon Crawl Stone Soup version 0.17.1-3-g152610e (webtiles) character file.

125 nikopol the Chopper (level 5, -1/70 HPs)
             Began as a Hill Orc Berserker on Apr 13, 2016.
             Was a Priest of Trog.
             Slain by an orc priest (5 damage)
             ... on level 3 of the Dungeon.
             The game lasted 00:05:05 (2114 turns).

nikopol the Chopper (Hill Orc Berserker)            Turns: 2114, Time: 00:05:05

Health: -1/70      AC:  7    Str: 25    XL:     5   Next: 9%
Magic:  0/5        EV: 11    Int:  7    God:    Trog [***...]
Gold:   184        SH:  0    Dex: 11    Spells: 0 memorised, 4 levels left

rFire  . . .     SeeInvis .     a - +0 hand axe
rCold  . . .     Clarity  .     h - +0 ring mail
rNeg   . . .     SustAt   .     (no shield)
rPois  .         Gourm    .     (no helmet)
rElec  .         Spirit   +     (no cloak)
rCorr  .         Warding  .     (no gloves)
rMut   .         Stasis   .     (no boots)
MR     .....                    l - amulet of guardian spirit
Stlth  ..........               (no ring)
                                e - +2 ring of protection

@: berserking, very quick, not resistant to hostile enchantments, extremely
unstealthy
A: no striking features
a: Berserk, Trog's Hand, Burn Spellbooks, Renounce Religion, Convert to Beogh


You were on level 3 of the Dungeon.
You worshipped Trog.
Trog was most pleased with you.
You were very hungry.

You visited 1 branch of the dungeon, and saw 3 of its levels.

You collected 184 gold pieces.

Inventory:

Hand Weapons
 a - a +0 hand axe (weapon)
Missiles
 n - 3 tomahawks
 o - a javelin (quivered)
Armour
 b - a +0 animal skin
 h - a +0 ring mail (worn)
Jewellery
 e - a +2 ring of protection (left hand)
 l - an amulet of guardian spirit (around neck)
 u - an uncursed amulet of resist corrosion {unknown}
 x - an uncursed amulet of resist mutation {unknown}
Scrolls
 d - a scroll of magic mapping {unknown}
 g - 2 scrolls of noise {unknown}
 i - 2 scrolls of enchant weapon {unknown}
 j - 2 scrolls of remove curse {unknown}
 m - a scroll of teleportation {unknown}
 q - 3 scrolls of blinking {unknown}
Potions
 f - 3 potions of invisibility {unknown}
 k - 3 potions of magic {unknown}
 r - 2 potions of brilliance {unknown}
 t - a potion of cure mutation {unknown}
 v - a potion of curing {unknown}
 w - a potion of agility {unknown}
Comestibles
 c - 3 bread rations
 p - 2 slices of pizza
 s - a meat ration


   Skills:
 + Level 4.6 Fighting
 + Level 5.0 Axes
 + Level 3.4 Armour
 + Level 2.3 Dodging


You had 4 spell levels left.
You didn't know any spells.

Dungeon Overview and Level Annotations

Branches:
Dungeon (3/15)

Altars:
Ashenzari


Message History

You are too injured to fight recklessly!
You closely miss the orc wizard.
The orc wizard is almost dead.
You hit the orc priest but do no damage.
The orc wizard hits you with a vampiric dagger.
* * * LOW HITPOINT WARNING * * *
You slash the orc wizard!
You kill the orc wizard!
Trog accepts your kill.
Trog appreciates your killing of a magic user.
Your Axes skill increases to level 5!
You have reached level 5!
You feel stronger.
You barely miss the orc priest.
The orc priest invokes the aid of Beogh against you.
Pain shoots through your body!
* * * LOW HITPOINT WARNING * * *
The orc priest shouts, "Surrender to Beogh and we'll let you live!"
The orc priest hits you.
You die...

#...... #........#
#...... #........#
#...... #........
#...... #....)..
#..... #.....#
#..... .o...#
#..... #)o..#
####.# #@# #.#
#.##############.#
#................#
##################


You could see 2 orc priests.

Vanquished Creatures
  An orc wizard (D:3)
  4 adders
  A worm (D:2)
  3 orcs (D:3)
  A ball python (D:2)
  4 giant cockroaches
  5 hobgoblins
  A quokka (D:3)
  4 bats (D:1)
  3 giant newts
  5 goblins
  8 jackals
  7 kobolds
  6 rats
53 creatures vanquished.

Notes
Turn   | Place    | Note
--------------------------------------------------------------
     0 | D:1      | nikopol the Hill Orc Berserker began the quest for the Orb.
     0 | D:1      | Reached XP level 1. HP: 19/19 MP: 1/1
   472 | D:1      | Reached XP level 2. HP: 20/27 MP: 2/2
   542 | D:1      | Found a shattered altar of Ashenzari.
   656 | D:1      | Reached ** piety under Trog
   882 | D:1      | Reached XP level 3. HP: 33/33 MP: 3/3
  1369 | D:2      | Reached XP level 4. HP: 40/40 MP: 4/4
  2114 | D:3      | Reached *** piety under Trog
  2114 | D:3      | Reached skill level 5 in Axes
  2114 | D:3      | Reached XP level 5. HP: 8/47 MP: 1/5
  2114 | D:3      | Slain by an orc priest

Action                   |  1- 3 |  4- 6 || total
-------------------------+-------+-------++-------
Melee: Hand axe          |   114 |    51 ||   165
Throw: Javelin           |    15 |     2 ||    17
Invok: Berserk           |       |     1 ||     1
  Eat: Chunk             |     1 |     2 ||     3
